 Dungeon Crawl Stone Soup version 0.27-a0-1384-g1422d76b99 (webtiles) character file.

Game seed: 12507950344140203922

853 flotson the Sneak (level 8, 0/54 HPs)
             Began as an Octopode Brigand on July 1, 2021.
             Slain by an orc wizard (4 damage)
             ... on level 4 of the Dungeon.
             The game lasted 00:11:47 (5208 turns).

flotson the Sneak (Octopode Brigand)                Turns: 5208, Time: 00:11:48

Health: 0/54       AC:  1    Str: 13    XL:     8   Next: 1%
Magic:  20/20      EV: 14    Int: 13    God:
Gold:   157        SH:  0    Dex: 13    Spells: 5/11 levels left

rFire    . . .     SeeInvis .   a - +1 dagger (venom)
rCold    + . .     Faith    .   (no shield)
rNeg     . . .     Spirit   .   (helmet restricted)
rPois    .         Reflect  .   (no amulet)
rElec    .         Harm     .   i - ring of magical power
rCorr    .         Rampage  .   k - ring of protection from cold
Will     .....                  (no ring)
Stlth    ++........             (no ring)
HPRegen  0.18/turn              (no ring)
MPRegen  0.17/turn              (no ring)
                                (no ring)
                                (no ring)

@: confused, mighty, lethally poisoned (0 -> -17), hasted, very quick
A: almost no armour, amphibious, 8 rings, camouflage 1, gelatinous body 1,
(nimble swimmer 1), tentacles
a: no special abilities


You were on level 4 of the Dungeon.
You visited 1 branch of the dungeon, and saw 5 of its levels.
You also visited: Sewer.

You collected 248 gold pieces.
You spent 91 gold pieces at shops.

Inventory:

Hand Weapons
 a - a +1 dagger of venom (weapon)
Missiles
 b - 42 poisoned darts (quivered)
 c - 5 curare-tipped darts
Jewellery
 i - a ring of magical power (left tentacle)
 k - a ring of protection from cold (right tentacle)
Scrolls
 d - a scroll of fog {unknown}
 f - 3 scrolls of teleportation {unknown}
 g - 5 scrolls of fear {unknown}
 h - a scroll of enchant armour {unknown}
 j - a scroll of silence {unknown}
 n - a scroll of enchant weapon {unknown}
 q - a scroll of immolation {unknown}
Potions
 e - 2 potions of magic
 m - a potion of haste
 o - 3 potions of flight
 p - 3 potions of brilliance


   Skills:
 + Level 4.0 Fighting
 - Level 3.0 Short Blades
 + Level 4.0 Throwing
 + Level 3.5 Dodging
 + Level 7.4 Stealth
 + Level 2.4 Spellcasting
 + Level 2.9 Transmutations


You had 5 spell levels left.
You knew the following spells:

 Your Spells              Type           Power      Damage    Failure   Level
a - Beastly Appendage     Tmut           18%        N/A       8%          1
b - Wereblood             Tmut           9%         N/A       11%         2
c - Spider Form           Tmut/Pois      2%         N/A       38%         3

Your spell library contained the following spells:

 Spells                   Type           Power      Damage    Failure   Level
 Ice Form                 Ice/Tmut       5%         N/A       80%         4


Dungeon Overview and Level Annotations

Branches:
Dungeon (5/15)              Sewer (visited)
 Temple: D:4-7

Altars:
Elyvilon

Shops:
D:3 (=[=*

Annotations:
D:3 3 runed translucent doors, pyrow613's ghost, amateur MiBe


Innate Abilities, Weirdness & Mutations

You cannot wear most types of armour.
You are amphibious.
You can wear up to eight rings at the same time.
Your skin changes colour to match your surroundings (Stealth+).
Your rubbery body absorbs attacks. (AC +1, EV +1)
((You are camouflaged near water. (Stealth+)))
You have tentacles for arms and can constrict up to eight enemies at once.


Message History

You are more confused.
The orc wizard misses you.
You hit the orc wizard.
The orc wizard is poisoned.
The orc wizard is severely wounded.
You constrict the orc wizard.
You hear some strange, mumbled words.
A magic dart appears from out of thin air!
The magic dart hits you! The orc wizard misses you.
You release your grip on the orc wizard.
The orc wizard gestures at you while chanting.
You bump into the rock wall.
You kill the orc wizard!
Something hits you.
You are poisoned.
You have reached level 8!
It was a potion of might.
You feel very mighty all of a sudden.
You feel very sick. Something hits you.
You are more poisoned.
You bump into the rock wall.
You feel very sick. Something hits you.
You are lethally poisoned!
You bump into the rock wall.
You feel very sick. Something closely misses you.
* * * LOW HITPOINT WARNING * * *
You feel very sick.
You feel yourself speed up.
* * * LOW HITPOINT WARNING * * *
You feel very sick. Something hits you.
* * * LOW HITPOINT WARNING * * *
You are more poisoned.
You hit something.
* * * LOW HITPOINT WARNING * * *
You feel very sick. Something hits you.
You die...

#.......####..## ##........#
#### #.........##
#..........## #...........##
.............###
...............####
...........##.....###
##........###..#@{.)#########
##........# #..####).........
#...#....# #..# ###((......
#####...####..# #........
#...#.##..# #........
#......#..# #........
##......#..# #..o.....
#........#.# ##.......
#............# .......


There were no monsters in sight!

Vanquished Creatures
  A water moccasin (D:5)
  6 kobold brigands (Sewer)
  A jelly (D:3)
  Natasha (twice) (D:4)
  An orc wizard (D:4)
  Robin (D:4)
  3 gnolls
  9 adders
  A river rat (Sewer)
  An ufetubus (D:4)
  A worm (D:2)
  A dart slug (D:1)
  2 orcs (D:4)
  4 bats
  9 endoplasms
  A giant cockroach (D:2)
  18 goblins
  8 hobgoblins
  9 jackals
  9 kobolds
  8 quokkas
  4 ball pythons
  2 frilled lizards (D:3)
  5 rats
107 creatures vanquished.

Notes
Turn   | Place    | Note
-------+----------+-------------------------------------------
     0 | D:1      | flotson the Octopode Brigand began the quest for the Orb.
     0 | D:1      | Reached XP level 1. HP: 14/14 MP: 1/1
   133 | D:1      | Reached XP level 2. HP: 8/19 MP: 2/2
   580 | D:1      | Reached XP level 3. HP: 18/24 MP: 3/3
  1287 | D:2      | Found a faded altar of an unknown god.
  1392 | D:2      | Found a white marble altar of Elyvilon.
  1496 | D:2      | Reached XP level 4. HP: 23/30 MP: 4/4
  1703 | D:2      | Learned a level 1 spell: Beastly Appendage
  1980 | D:3      | Found Okono's General Store.
  1987 | D:3      | Bought a scroll of identify for 26 gold pieces
  1987 | D:3      | Bought a potion of curing for 39 gold pieces
  1987 | D:3      | Bought a scroll of identify for 26 gold pieces
  2000 | D:3      | Found Gudo's Jewellery Emporium.
  2003 | D:3      | Found Giobazaj's Armour Emporium.
  2349 | D:3      | Reached skill level 6 in Stealth
  2349 | D:3      | Reached XP level 5. HP: 18/35 MP: 5/5
  2612 | D:3      | Found a glowing drain.
  2622 | Sewer    | Entered a sewer
  2824 | Sewer    | Reached skill level 1 in Transmutations
  2912 | Sewer    | Noticed a kobold brigand
  2925 | Sewer    | Noticed a kobold brigand
  2939 | Sewer    | Killed a kobold brigand
  2940 | Sewer    | Reached skill level 1 in Spellcasting
  2940 | Sewer    | Reached XP level 6. HP: 30/42 MP: 7/7
  3050 | Sewer    | Reached XP level 7. HP: 46/46 MP: 9/9
  3189 | Sewer    | Reached skill level 7 in Stealth
  3370 | D:3      | Learned a level 2 spell: Wereblood
  3494 | D:3      | Found a runed translucent gate.
  3494 | D:3      | Found a runed translucent gate.
  3494 | D:3      | Found a runed translucent gate.
  3498 | D:3      | Noticed pyrow613's ghost (amateur MiBe)
  3612 | D:3      | Found Poruim's Jewellery Shoppe.
  3714 | D:3      | You fall into a shaft and drop 2 floors!
  3714 | D:5      | Entered Level 5 of the Dungeon
  4044 | D:5      | Learned a level 3 spell: Spider Form
  4162 | D:4      | Noticed Natasha
  4169 | D:4      | Killed Natasha
  4187 | D:4      | Noticed Natasha
  4193 | D:4      | Killed Natasha
  4389 | D:3      | Found Ymunt's Weapon Boutique.
  4897 | D:4      | Noticed Robin
  4978 | D:4      | Killed Robin
  5203 | D:4      | Reached XP level 8. HP: 32/54 MP: 11/11
  5208 | D:4      | Slain by an orc wizard

Illustrated notes

Levels and vault maps discovered:
D:1:      dpeg_arrival_refuge, layout_basic
D:2:      layout_rooms, basic_altar, hellmonk_ecumenical_altar_lost_god
D:3:      layout_loops_corners, gammafunk_ghost_nasty_kobolds,
          portal_sewer_entry_d, serial_shops, shop, nicolae_shop_crystal,
          shop_statue, shop_statue, shop
D:4:      layout_cave_pods, uniq_robin, uniq_natasha
D:5:      layout_loops_cross, minmay_temple_entry_poolview, serial_bayou_pond_e

Skill      XL: |  1  2  3  4  5  6  7 |
---------------+----------------------+-----
Dodging        | 2 3 |  3.5
Stealth        | 6 7 |  7.4
Short Blades   | 3 |  3.0
Transmutations | 1 2 |  2.9
Fighting       | 3 4 |  4.0
Throwing       | 3 4 |  4.0
Spellcasting   | 1 2 |  2.4

Action                   |  1- 3 |  4- 6 |  7- 9 || total
-------------------------+-------+-------+-------++-------
Melee: Dagger            |    65 |    84 |    74 ||   223
       Constrict         |    19 |    14 |    15 ||    48
       Tentacles         |    17 |    15 |    14 ||    46
       Kick              |       |     3 |       ||     3
Throw: Dart              |       |     1 |    22 ||    23
 Cast: Beastly Appendage |       |     1 |       ||     1
  Use: Scroll            |       |     2 |     4 ||     6
       Potion            |       |     4 |     3 ||     7
 Stab: Sleeping          |     7 |    14 |     6 ||    27
       Invisible         |       |     1 |       ||     1
Armor: Skin              |       |     2 |     3 ||     5
Dodge: Dodged            |    36 |    34 |    43 ||   113

Table legend: (Time is in decaauts)
 A = Elapsed time spent in this place.
 B = Non-inter-level travel time spent in this place.
 C = Inter-level travel time spent in this place.
 D = Time resting spent in this place.
 E = Time spent auto-exploring this place.
 F = Levels seen in this place.
 G = Mean time per level.
                   A        B        C        D        E       F      G
               +--------+--------+--------+--------+--------+-----+--------+
         Total |   5184 |   5116 |     68 |    168 |   4107 |   6 |  864.0 |
       Dungeon |   4436 |   4368 |     68 |    138 |   3581 |   5 |  887.2 |
         Sewer |    748 |    748 |      0 |     30 |    526 |   1 |  748.0 |
               +--------+--------+--------+--------+--------+-----+--------+

Top non-repeatable levels by time:
     D:3: 1281 daAuts
     D:1: 1131 daAuts
     D:4: 838 daAuts
     D:2: 836 daAuts
   Sewer: 748 daAuts
     D:5: 348 daAuts
